 Dungeon Crawl Stone Soup version 0.14-a0-1192-g192f278 (webtiles) character file.

2245 Jenx the Grappler (level 8, -5/74 HPs)
             Began as a Troll Monk on Dec 1, 2013.
             Slain by an ogre
             ... wielding a +0,+0 giant club
              (17 damage)
             ... on Level 7 of the Dungeon.
             The game lasted 00:18:53 (4697 turns).

Jenx the Grappler (Troll Monk)                      Turns: 4697, Time: 00:18:53

HP  -5/74        AC  7     Str 20      XL: 8   Next: 97%
MP   2/2         EV 10     Int  9      God:
Gold 314         SH  0     Dex 13      Spells:  0 memorised,  7 levels left

rFire  + + .     SeeInvis .     a - +0,+1 giant spiked club
rCold  . . .     Clarity  .     f - +1 robe of Disguise {rF++ rN+ Int+2}
rNeg   + . .     Conserve .     (shield restricted)
rPois  .         rCorr    .     (helmet restricted)
rElec  .         rRot     .     F - +0 cloak
SustAb . .       Spirit   .     (gloves unavailable)
rMut   .         Warding  .     (boots unavailable)
Gourm  +         Stasis   .     (no amulet)
                                z - ring of protection from magic
                                e - cursed ring of protection from magic

@: very resistant to hostile enchantments, unstealthy
A: unfitting armour, claws 3, fast metabolism 3, gourmand, regeneration 2,
saprovore 2, shaggy fur 1, tough skin 2
a: no special abilities


You were on level 7 of the Dungeon.
You were very full.

You visited 1 branch of the dungeon, and saw 7 of its levels.

You collected 314 gold pieces.

Inventory:

Hand weapons
 a - a +0,+1 giant spiked club (weapon)
 j - a +1,+1 scythe of venom
Missiles
 b - 12 darts of dispersal
 l - 4 poisoned darts (quivered)
 y - 4 javelins
Armour
 f - the +1 robe of Disguise (worn) {rF++ rN+ Int+2}
   (You found it on level 7 of the Dungeon)

   It affects your intelligence (+2).
   It greatly protects you from fire.
   It protects you from negative energy.
 n - a +2 robe
 F - a +0 cloak (worn)
Magical devices
 p - a wand of frost (11)
Comestibles
 d - 4 bread rations
 h - 15 strawberries
 i - 5 meat rations
 k - an apple
 m - 2 grapes
 t - a rotting chunk of giant newt flesh
 u - 4 chunks of orc flesh
 C - a chunk of jackal flesh
Scrolls
 c - 6 scrolls of remove curse
 g - a scroll of teleportation
Jewellery
 e - a cursed ring of protection from magic (left claw)
 z - a ring of protection from magic (right claw)
Potions
 o - a potion of heal wounds {unknown}
 q - a potion of paralysis {unknown}
 r - 2 potions of restore abilities {unknown}
 s - 4 potions of curing
 v - a potion of might {unknown}
 w - a potion of poison {unknown}
 x - a potion of degeneration {unknown}
 A - a potion of lignification {unknown}
Books
 D - a book of Alchemy

   Spells                             Type                      Level
   Lethal Infusion                    Charms/Necromancy            2
   Sublimation of Blood               Necromancy                   2
   Condensation Shield                Ice                          4
   Alistair's Intoxication            Transmutation/Poison         4
   Petrify                            Transmutation/Earth          4
   Ignite Poison                      Fire/Transmutation           5


   Skills:
 - Level 2.4 Fighting
 + Level 7.8 Maces & Flails
 - Level 2.2 Throwing
 - Level 2.4 Dodging
 - Level 1.1 Stealth
 - Level 8.3 Unarmed Combat


You had 7 spell levels left.
You didn't know any spells.

Dungeon Overview and Level Annotations

Branches:
Dungeon (7/16)
 Temple: D:4-7

Altars:
Ashenzari
Nemelex Xobeh
Okawaru
Sif Muna
Zin

Shops:
D:4 +   D:6 (


Innate Abilities, Weirdness & Mutations

You are too large for most types of armour.
You have claws for hands.
Your metabolism is lightning-fast.
You like to eat raw meat.
You heal very quickly.
You can eat rotten meat.
You are covered in fur (AC +1).
You have very tough skin (AC +2).


Message History

The ooze hits you but does no damage.
You barely miss the ogre. The ooze misses you.
The ogre hits you with a giant club.
You barely miss the ogre. The ooze hits you but does no damage.
The ogre closely misses you.
You barely miss the ogre. The ooze hits you but does no damage.
The ogre closely misses you.
You closely miss the ogre. The ooze closely misses you.
The ogre barely misses you.
You barely miss the ogre. The ooze closely misses you.
The ogre hits you with a giant club!
You sock the ogre!
The ogre is moderately wounded.
The ooze hits you but does no damage. The ogre hits you with a giant club!
* * * LOW HITPOINT WARNING * * *
The ooze barely misses you.
You barely miss the ogre.
The ogre is moderately wounded.
The ogre hits you with a giant club!
You die...

.#####......##....#.##
.#######..........#.#
.#...###.............#
.#...............###.
...<..########..##.##
....>...<.......#...
..###..>.###..####.####
..# ....# #.##..#'#..##
.##
#....###.#.J@O.'._.# ..
.........##.##.##.##
... ..........###.#.# #
.... #....###.....#...
..#####... #....###....
... ##..?.............#
..# # #####.##.......#
.. ... .......
##.##.#####


You could see an ogre and an ooze.

Vanquished Creatures
  Prince Ribbit (D:7)
  A hippogriff (D:7)
  Edmund (D:4)
  Menkaure (D:5)
  2 ogres
  A phantom (D:4)
  A necrophage (D:5)
  A centaur (D:5)
  Sigmund (D:2)
  3 giant frogs
  A cyclops zombie (D:6)
  2 crimson imps (D:7)
  3 hounds
  A jelly (D:6)
  3 orc wizards
  3 worker ants
  An ogre zombie (D:5)
  A big kobold zombie (D:7)
  Ijyb (D:3)
  A big kobold skeleton (D:7)
  A hound skeleton (D:5)
  A worker ant zombie (D:6)
  5 adders
  3 worms
  4 giant eyeballs
  3 giant geckos
  2 oozes
  9 orcs
  10 bats
  3 giant cockroaches
  13 goblins
  13 hobgoblins
  9 jackals
  11 kobolds
  2 quokkas
  A ball python (D:1)
  3 giant newts
  A giant newt skeleton (D:4)
  A jackal skeleton (D:5)
  13 rats
  A plant (D:1)
139 creatures vanquished.

Notes
Turn   | Place    | Note
--------------------------------------------------------------
     0 | D:1      | Jenx, the Troll Monk, began the quest for the Orb.
     0 | D:1      | Reached XP level 1. HP: 20/20 MP: 0/0
   112 | D:1      | Reached XP level 2. HP: 28/28 MP: 0/0
   389 | D:1      | Reached skill level 5 in Unarmed Combat
   418 | D:1      | Reached XP level 3. HP: 35/35 MP: 1/1
   756 | D:2      | Noticed Sigmund
   773 | D:2      | Killed Sigmund
   773 | D:2      | Reached skill level 6 in Unarmed Combat
   773 | D:2      | Reached XP level 4. HP: 2/44 MP: 1/1
   773 | D:2      | HP: 1/44 [poisoned by Sigmund]
  1490 | D:3      | Reached XP level 5. HP: 44/50 MP: 1/1
  1732 | D:3      | Found a deep blue altar of Sif Muna.
  1773 | D:3      | Reached skill level 7 in Unarmed Combat
  1899 | D:3      | Noticed Ijyb
  1909 | D:3      | Killed Ijyb
  2134 | D:4      | Reached XP level 6. HP: 58/58 MP: 2/2
  2285 | D:4      | Found Foatyps' Book Emporium.
  2344 | D:4      | Noticed an ogre
  2350 | D:4      | Killed an ogre
  2386 | D:4      | Noticed Edmund
  2394 | D:4      | Killed Edmund
  2394 | D:4      | Reached skill level 8 in Unarmed Combat
  2481 | D:4      | Reached XP level 7. HP: 64/66 MP: 2/2
  2562 | D:4      | Noticed a phantom
  2578 | D:4      | Killed a phantom
  2768 | D:5      | Entered Level 5 of the Dungeon
  3014 | D:5      | Noticed Menkaure
  3021 | D:5      | Killed Menkaure
  3090 | D:5      | Found a glowing silver altar of Zin.
  3234 | D:5      | Paralysed by a giant eyeball for 3 turns
  3649 | D:6      | Reached skill level 5 in Maces & Flails
  3649 | D:6      | Reached XP level 8. HP: 74/74 MP: 2/2
  3814 | D:6      | Reached skill level 1 in Throwing
  3944 | D:6      | Found Tiocwami's Weapon Shoppe.
  3945 | D:6      | Found a shattered altar of Ashenzari.
  4063 | D:6      | Found an iron altar of Okawaru.
  4451 | D:7      | Got a sheer robe
  4472 | D:7      | Identified the +1 robe of Disguise {rF++ rN+ Int+2} (You found it on level 7 of the Dungeon)
  4502 | D:7      | Noticed Prince Ribbit
  4544 | D:7      | Killed Prince Ribbit
  4667 | D:7      | Found a sparkling altar of Nemelex Xobeh.
  4697 | D:7      | Slain by an ogre

Action                   |  1- 3 |  4- 6 |  7- 9 || total
-------------------------+-------+-------+-------++-------
Melee: Unarmed           |   110 |   126 |       ||   236
       Giant club        |       |     4 |   148 ||   152
       Giant spiked club |       |       |    76 ||    76
Throw: Dart              |       |       |    24 ||    24
       Javelin           |       |       |     4 ||     4
Evoke: Wand              |       |     1 |       ||     1
  Use: Scroll            |     1 |     4 |    10 ||    15
       Potion            |       |     1 |       ||     1
 Stab: Sleeping          |     1 |     2 |     1 ||     4
